 Dungeon Crawl Stone Soup version 0.22-a0-433-gd2a9cce (webtiles) character file.

39 KristoblXynda the Slasher (level 3, -1/32 HPs)
             Began as a Naga Gladiator on May 27, 2018.
             Slain by a gnoll
             ... wielding a +0 spear
              (7 damage)
             ... on level 2 of the Dungeon.
             The game lasted 00:01:09 (1373 turns).

KristoblXynda the Slasher (Naga Gladiator)          Turns: 1373, Time: 00:01:09

Health: -1/32      AC:  3    Str: 16    XL:     3   Next: 45%
Magic:  3/3        EV: 10    Int:  9    God:
Gold:   53         SH:  0    Dex: 12    Spells: 2/2 levels left

rFire    . . .     SeeInvis +   a - +0 long sword
rCold    . . .     Gourm    .   (no shield)
rNeg     . . .     Faith    .   b - +0 leather armour
rPois    +         Spirit   .   c - +0 helmet
rElec    .         Reflect  .   (no cloak)
rCorr    .         Harm     .   (no gloves)
MR       .....                  (no barding)
Stlth    ++........             (no amulet)
HPRegen  0.10/turn              (no ring)
MPRegen  0.08/turn              (no ring)

@: short of breath, very slow
A: large, see invisible, deformed body, poison resistance, slowness 2, slow
metabolism 1, spit poison 1, AC +1
a: Spit Poison


You were on level 2 of the Dungeon.
You were not hungry.

You visited 1 branch of the dungeon, and saw 2 of its levels.

You collected 53 gold pieces.

Inventory:

Hand Weapons
 a - a +0 long sword (weapon)
Missiles
 d - 3 throwing nets (quivered)
Armour
 b - a +0 leather armour (worn)
 c - a +0 helmet (worn)
Scrolls
 e - a scroll of blinking {unknown}
 g - a scroll of teleportation {unknown}
Potions
 h - a potion of mutation {unknown}
Comestibles
 f - 3 rations


   Skills:
 - Level 2.0 Fighting
 * Level 3.7 Long Blades
 - Level 2.0 Throwing
 + Level 2.7 Dodging
 + Level 1.6 Stealth


You had 2 spell levels left.
You didn't know any spells.
Your spell library was empty.

Dungeon Overview and Level Annotations

Branches:
Dungeon (2/15)

Altars:


Innate Abilities, Weirdness & Mutations

You cannot wear boots.
Your serpentine skin is tough. (AC +1)
You have supernaturally acute eyesight. (SInv)
Armour fits poorly on your strangely shaped body.
Your system is resistant to poisons. (rPois)
You cover ground very slowly.
You have a slow metabolism.
You can spit poison.


Message History

Press: ? - help, Shift-Dir - straight line, f - gnoll
Aim: a gnoll, wielding a spear The splash of poison hits the gnoll.
The gnoll is lightly wounded.
You feel slightly more hungry. The gnoll barely misses you.
You closely miss the gnoll.
The gnoll is lightly wounded.
The gnoll hits you with a spear!
You slash the gnoll!
The gnoll is almost dead.
The gnoll hits you but does no damage.
You hit the gnoll.
The gnoll is almost dead.
The gnoll hits you with a spear.
You closely miss the gnoll.
The gnoll is almost dead.
The gnoll hits you with a spear.
* * * LOW HITPOINT WARNING * * *
The gnoll hits you with a spear!
You die...

... ... ... ..
#.# #.. #.. ....
#.# #... #.#...
##@#.# .
####g...# .#
#....)### #.#
#..###.####..#
#. #...#..# #
#.....# #....##
#### ###..#
.....#######..##


You could see a gnoll.

Vanquished Creatures
  3 gnolls
  2 goblins (D:1)
  A hobgoblin (D:1)
  4 kobolds
  2 rats (D:1)
12 creatures vanquished.

Notes
Turn   | Place    | Note
-------+----------+-------------------------------------------
     0 | D:1      | KristoblXynda the Naga Gladiator began the quest for the Orb.
     0 | D:1      | Reached XP level 1. HP: 19/19 MP: 1/1
   359 | D:1      | Reached XP level 2. HP: 10/26 MP: 2/2
  1077 | D:2      | Reached skill level 1 in Stealth
  1077 | D:2      | Reached XP level 3. HP: 32/32 MP: 3/3
  1373 | D:2      | Slain by a gnoll

Vault maps used:
D:1:      dpeg_arrival_concentric_ovals, minmay_distorted
D:2:      nicolae_gozag_zags_fifth_avenue, first_ration, minmay_goblin_outpost,
          uniq_robin, uniq_sigmund

Skill      XL: |  1  2 |
---------------+-------+-----
Throwing       | 2 |  2.0
Stealth        | 1 |  1.6
Fighting       | |  2.0
Long Blades    | |  3.7
Dodging        | |  2.7

Action                   || total
-------------------------++-------
Melee: Long sword        ||    27
 Abil: Spit Poison       ||     8
  Eat: Chunk             ||     1
Armor: Leather armour    ||     5
Dodge: Dodged            ||    17
       Rpst.: Long sword ||     3

Table legend:
 A = Spawn XP
 B = Non-spawn XP
 C = Spawn XP percentage of total XP
 D = Spawn monster count
 E = Non-spawn monster count
 F = Spawn count percentage of total count
 G = Total turns spent on level
                    A         B        C        D         E        F      G
               +---------+---------+-------+---------+---------+-------+---------
         Total |       0 |      56 |   0.0 |       0 |      12 |   0.0 |  1373
               +---------+---------+-------+---------+---------+-------+---------
           D:1 |       0 |      41 |   0.0 |       0 |      10 |   0.0 |  1324
           D:2 |       0 |      15 |   0.0 |       0 |       2 |   0.0 |    49
               +---------+---------+-------+---------+---------+-------+---------
